 Dungeon Crawl Stone Soup version 0.27-a0-1193-g8631133539 (webtiles) character file.

Game seed: 525410156055228387

4 Strat the Chiller (level 1, -6/13 HPs)
             Began as a Formicid Ice Elementalist on May 26, 2021.
             Was an Initiate of Fedhas.
             Mangled by Sigmund
             ... wielding a +0 scythe
              (8 damage)
             ... on level 2 of the Dungeon.
             The game lasted 00:01:03 (525 turns).

Strat the Chiller (Formicid Ice Elementalist)        Turns: 525, Time: 00:01:04

Health: -6/13      AC:  2    Str: 12    XL:     1   Next: 66%
Magic:  2/3        EV: 12    Int: 14    God:    Fedhas [......]
Gold:   8          SH:  0    Dex: 11    Spells: 3/4 levels left

rFire    . . .     SeeInvis +   c - +0 dagger
rCold    . . .     Faith    .   (no shield)
rNeg     . . .     Spirit   .   a - +0 robe
rPois    .         Reflect  .   (helmet unavailable)
rElec    .         Harm     .   (no cloak)
rCorr    .         Rampage  .   (no gloves)
Will     .....                  (no boots)
Stlth    ++........             (no amulet)
HPRegen  0.04/turn              (no ring)
MPRegen  0.08/turn              (no ring)

@: no status effects
A: permanent stasis, dig shafts and tunnels, antennae 3, four strong arms
a: Dig, Shaft Self, Renounce Religion


You were on level 2 of the Dungeon.
You worshipped Fedhas.
Fedhas was noncommittal.
You visited 1 branch of the dungeon, and saw 3 of its levels.

You collected 8 gold pieces.

Inventory:

Hand Weapons
 c - a +0 dagger (weapon)
Armour
 a - a +0 robe (worn)
 b - a +0 leather armour
Jewellery
 d - a ring of resist corrosion
Potions
 e - a potion of brilliance {unknown}


   Skills:
 - Level 1.7 Dodging
 - Level 2.4 Stealth
 - Level 2.1 Spellcasting
 + Level 4.2 Ice Magic


You had 3 spell levels left.
You knew the following spells:

 Your Spells              Type           Power      Damage    Failure   Level
a - Freeze                Ice            52%        1d7       4%          1

Your spell library contained the following spells:

 Spells                   Type           Power      Damage    Failure   Level
 Frozen Ramparts          Ice            26%        1d4       12%         3
 Ozocubu's Armour         Ice            13%        N/A       12%         3
 Animate Skeleton         Necr           2%         N/A       24%         1
 Apportation              Tloc           2%         N/A       24%         1
 Corona                   Hex            1%         N/A       24%         1
 Magic Dart               Conj           4%         1d3       24%         1
 Summon Small Mammal      Summ           4%         N/A       24%         1
 Searing Ray              Conj           2%         3d3       34%         2
 Dazzling Flash           Conj/Hex       2%         N/A       56%         3
 Hailstorm                Conj/Ice       7%         3d4       69%         4
 Fulminant Prism          Conj/Hex       0%         3d6       93%         4
 Iskenderun's Mystic Bla  Conj/Tloc      1%         2d3       93%         4
 Metabolic Englaciation   Hex/Ice        3%         N/A       95%         5


Dungeon Overview and Level Annotations

Branches:
Dungeon (3/15)

Altars:
Fedhas

Annotations:
D:2 Sigmund


Innate Abilities, Weirdness & Mutations

You cannot be hasted, slowed, berserked, paralysed or teleported.
You can dig through walls and to a lower floor.
You have a pair of large antennae on your head. (SInv)
Your four strong arms can wield two-handed weapons with a shield.


Message History

You kneel at the altar of Fedhas.
Fedhas welcomes you!
The plants of the dungeon cease their hostilities.
e - a viscous ruby potion
Found an escape hatch in the ceiling.
There is a stone staircase leading down here.
As you open the door, it creaks loudly!
There is an open door here.
There is an escape hatch in the ceiling here.
Found a stone staircase leading down.
You sense a monster nearby.
Sigmund the Dreaded comes into view.
He is wielding a +0 scythe.
Sigmund casts a spell at you.
You are confused.
Sigmund closely misses you.
You're too confused to cast spells.
Okay, then.
You're too confused to cast spells.
Okay, then.
You bump into the rock wall.
Sigmund completely misses you.
Sigmund hits you from afar with a +0 scythe.
You're too confused to move!
Sigmund misses you.
You bump into the rock wall.
Sigmund gestures at you while chanting. The magic dart hits you!
Ouch! That really hurt!
* * * LOW HITPOINT WARNING * * *
You feel less confused. Sigmund closely misses you.
Casting: Freeze (safe; 4% risk of failure)
Confirm with . or Enter, or press ? or * to list all spells.
Aiming: Freeze (safe; 4% risk of failure)
Press: ? - help, Shift-Dir - straight line, f - Sigmund
Aim: Sigmund, wielding a +0 scythe and wearing a +0 robe You freeze Sigmund.
Sigmund is lightly wounded.
Sigmund hits you with a +0 scythe!
Ouch! That really hurt!
You die...
Fedhas appreciates your contribution to the ecosystem.

####
#########
...##
#.@......
###.#
#@####.#.
# #.# #.#
###.# #.#
...##
#####.# #
#.##
#.....#
#. #.#
#.#####
#. #.#
#.# ##
#.# #.#
##+# #.#
#.#
##...##
##


You could see Sigmund.

Vanquished Creatures
  2 goblins (D:2)
  A hobgoblin (D:2)
3 creatures vanquished.

Notes
Turn   | Place    | Note
-------+----------+-------------------------------------------
     0 | D:1      | Strat the Formicid Ice Elementalist began the quest for the
                  | Orb.
     0 | D:1      | Reached XP level 1. HP: 13/13 MP: 3/3
   289 | D:2      | You fall into a shaft and drop 1 floor!
   321 | D:2      | Found a blossoming altar of Fedhas.
   351 | D:2      | Became a worshipper of Fedhas Madash
   514 | D:2      | Noticed Sigmund
   525 | D:2      | Mangled by Sigmund

Illustrated notes

Levels and vault maps discovered:
D:1:      dpeg_arrival_stonehenge_8_columns, layout_basic,
          ebering_ecumenical_altar_hall
D:2:      layout_loops_corners, basic_altar, uniq_sigmund,
          uniq_crazy_yiuf_cottage
D:3:      layout_rooms, lemuel_coloured_pillars_altar, grunt_ministairs_1

Action                   || total
-------------------------++-------
Melee: Unarmed           ||     5
       Dagger            ||     4
 Cast: Freeze            ||     3
Dodge: Dodged            ||     8

Table legend: (Time is in decaauts)
 A = Elapsed time spent in this place.
 B = Non-inter-level travel time spent in this place.
 C = Inter-level travel time spent in this place.
 D = Time resting spent in this place.
 E = Time spent auto-exploring this place.
 F = Levels seen in this place.
 G = Mean time per level.
                   A        B        C        D        E       F      G
               +--------+--------+--------+--------+--------+-----+--------+
         Total |    524 |    524 |      0 |    159 |    293 |   3 |  174.7 |
       Dungeon |    524 |    524 |      0 |    159 |    293 |   3 |  174.7 |
               +--------+--------+--------+--------+--------+-----+--------+

Top non-repeatable levels by time:
     D:2: 505 daAuts
     D:1: 15 daAuts
     D:3: 3 daAuts
